 Dungeon Crawl Stone Soup version 0.18-a0-846-g91b95b1 (webtiles) character file.

3336 root the Skirmisher (level 9, -5/75 HPs)
             Began as a Centaur Fighter on Dec 21, 2015.
             Was an Elder of Pakellas.
             Killed from afar by a centaur (17 damage)
             ... with a wand of cold
             ... on level 8 of the Dungeon.
             The game lasted 01:12:31 (11554 turns).

root the Skirmisher (Centaur Fighter)              Turns: 11554, Time: 01:12:32

Health: -5/75      AC: 14    Str: 19    XL:     9   Next: 72%
Magic:  9/12       EV:  1    Int:  7    God:    Pakellas [****..]
Gold:   414        SH:  0    Dex: 12    Spells: 0 memorised, 8 levels left

rFire  . . .     SeeInvis .     U - +0 halberd (flame)
rCold  . . .     Gourm    .     a - +1 crystal plate armour
rNeg   . . .     Faith    .     (shield currently unavailable)
rPois  .         Spirit   .     (no helmet)
rElec  .         Dismiss  +     (no cloak)
rCorr  .         Reflect  .     (no gloves)
SustAt .         Harm     .     (no barding)
MR     .....     Rnd*Tele +     r - amulet of dismissal
Stlth  ..........               Z - ring of teleportation
                                M - ring of loudness

@: very quick, not resistant to hostile enchantments, extremely unstealthy
A: hooves 3, deformed body, speed 2, tough skin 3
a: Quick Charge, Device Surge, Renounce Religion, Evoke Teleportation


You were on level 8 of the Dungeon.
You worshipped Pakellas.
Pakellas was greatly pleased with you.
You were near starving.

You visited 1 branch of the dungeon, and saw 8 of its levels.
You also visited: Ossuary and Bailey.

You collected 414 gold pieces.

Inventory:

Hand Weapons
 R - a +0 shortbow
 U - a +0 halberd of flaming (weapon)
Missiles
 t - 5 arrows of flame
 A - 49 arrows
 V - 4 throwing nets (quivered)
Armour
 a - a +1 crystal plate armour (worn)
 c - a +0 shield
 I - the +0 robe of Absolutism {rN++}
   (You found it on level 5 of the Dungeon)

   It greatly protects you from negative energy.
 J - a +2 ring mail of cold resistance
Magical Staves
 p - an uncursed staff of wizardry
Rods
 X - a +5 rod of destruction (3/9)
   (Pakellas gifted it to you on level 8 of the Dungeon)
Jewellery
 e - an uncursed amulet of faith
 l - an uncursed ring of see invisible
 o - an uncursed amulet of guardian spirit
 r - an amulet of dismissal (around neck)
 F - an uncursed ring of fire
 G - an uncursed ring of poison resistance
 M - a ring of loudness (left hand)
 Z - a ring of teleportation (right hand)
Wands
 E - a wand of fire (12/15)
 L - a wand of confusion (15/48)
 T - a wand of polymorph (11/24)
 W - a wand of slowing (20/48)
 Y - a wand of paralysis (2/24)
Scrolls
 b - 2 scrolls of enchant armour
 g - 6 scrolls of teleportation
 h - 6 scrolls of identify
 i - 4 scrolls of fear
 j - a scroll of recharging
 u - a scroll of immolation
 v - a scroll of random uselessness
 w - a scroll of amnesia
 x - a scroll of blinking {unknown}
 C - 3 scrolls of remove curse
 H - a scroll of holy word {unknown}
 S - 2 scrolls of magic mapping {unknown}
Potions
 d - 2 potions of might
 k - 5 potions of curing {unknown}
 m - 4 potions of haste {unknown}
 n - 5 potions of brilliance {unknown}
 q - a potion of resistance
 B - 2 potions of invisibility {unknown}
 K - a potion of flight {unknown}
 N - a potion of agility {unknown}
 P - 3 potions of lignification {unknown}
Books
 y - a book of Alchemy

   Spells                             Type                      Level
   a - Sublimation of Blood           Necromancy                   2
   b - Ignite Poison                  Fire/Transmutation/Poison    3
   c - Alistair's Intoxication        Transmutation/Poison         4
   d - Condensation Shield            Ice                          4
   e - Petrify                        Transmutation/Earth          4
   f - Irradiate                      Conjuration/Transmutation    5
 O - a book of Minor Magic

   Spells                             Type                      Level
   a - Magic Dart                     Conjuration                  1
   b - Blink                          Translocation                2
   c - Call Imp                       Summoning                    2
   d - Repel Missiles                 Charms/Air                   2
   e - Slow                           Hexes                        2
   f - Conjure Flame                  Conjuration/Fire             3
   g - Mephitic Cloud                 Conjuration/Poison/Air       3
 Q - a book of Callings

   Spells                             Type                      Level
   a - Summon Small Mammal            Summoning                    1
   b - Call Imp                       Summoning                    2
   c - Call Canine Familiar           Summoning                    3
   d - Summon Guardian Golem          Hexes/Summoning              3
   e - Summon Lightning Spire         Summoning/Air                4
   f - Summon Ice Beast               Ice/Summoning                4
Comestibles
 f - 9 bread rations
 s - 5 meat rations
 z - a slice of pizza
 D - a beef jerky


   Skills:
 + Level 6.3 Fighting
 + Level 6.2 Polearms
 + Level 2.1 Bows
 + Level 5.5 Armour
 + Level 4.3 Dodging
 - Level 2.1 Shields
 * Level 5.2 Evocations


You had 8 spell levels left.
You didn't know any spells.

Dungeon Overview and Level Annotations

Branches:
Dungeon (8/15)             Temple (0/1) D:7            Lair (0/8) D:8

Altars:
Ashenzari
Dithmenos
Gozag
Makhleb
Nemelex Xobeh
Okawaru
Pakellas
Qazlal
Ru
Trog
Vehumet
Xom
Yredelemnul
Zin
The Shining One

Annotations:
D:7 WhatIsLove's ghost, novice DsBe


Innate Abilities, Weirdness & Mutations

You have hooves in place of feet.
Armour fits poorly on your strangely shaped body.
You cover ground very quickly.
You have extremely tough skin (AC +3).


Message History

You see here a giant frog corpse.
You hit the iguana. You burn the iguana.
The iguana is moderately wounded.
The iguana bites you but does no damage.
You hit the iguana. You burn the iguana.
The iguana is severely wounded.
You are near starving!
The iguana bites you!
You slash the iguana! You burn the iguana.
You kill the iguana!
Pakellas accepts your kill.
You feel your power returning.
Your Bows skill increases to level 2!
The centaur shoots an arrow of flame.
The arrow of flame hits you but does no damage.
The arrow of flame burns you.
The centaur zaps a wand.
The bolt of cold hits you!
* * * LOW HITPOINT WARNING * * *
The centaur zaps a wand.
The bolt of cold hits you!
You die...

##..........#
#..........#
##.........##
#..........#
##.........#
#.........#
##.......##
##(#..###
##@.## #.c##
#..## #..#
..## ..# ..#
..# ...


You could see a centaur.

Vanquished Creatures
  Grinder (D:5)
  A spriggan (D:7)
  Duvessa (D:5)
  A sky beast (D:6)
  An orc warrior (D:7)
  An ice beast (D:4)
  A centaur (D:7)
  2 ogres
  2 elf zombies (Ossuary)
  3 giant frogs
  8 gnoll sergeants (Bailey)
  Dowan (D:5)
  3 wights (D:7)
  2 crimson imps (D:7)
  6 gnoll shamans (Bailey)
  A centaur zombie (D:8)
  An orc priest (D:4)
  3 giant frog skeletons
  5 hounds
  4 orc wizards
  3 iguanas
  5 worker ants
  4 mummies (Ossuary)
  17 gnolls
  16 adders
  3 oozes
  3 adder skeletons
  2 adder zombies
  6 worms
  21 orcs
  A ball python (D:2)
  4 giant cockroaches
  5 hobgoblins
  12 jackals
  8 bats
  4 giant geckos
  5 giant newts
  A gnoll zombie (Ossuary)
  16 goblins
  2 hobgoblin zombies (Ossuary)
  A jackal skeleton (D:6)
  A jackal zombie (Ossuary)
  8 kobolds
  A kobold zombie (Ossuary)
  An orc zombie (Ossuary)
  5 quokkas
  2 quokka skeletons
  3 rats
  3 rat zombies (Ossuary)
211 creatures vanquished.

Notes
Turn   | Place    | Note
--------------------------------------------------------------
     0 | D:1      | root the Centaur Fighter began the quest for the Orb.
     0 | D:1      | Reached XP level 1. HP: 19/19 MP: 1/1
    89 | D:1      | Reached XP level 2. HP: 23/26 MP: 2/2
   529 | D:1      | Reached XP level 3. HP: 22/33 MP: 3/3
  1223 | D:2      | Found an oddly glowing altar of Pakellas.
  1339 | D:2      | Reached XP level 4. HP: 19/40 MP: 4/4
  1908 | D:2      | Became a worshipper of Pakellas the Inventive
  1938 | D:3      | Reached skill level 4 in Fighting
  2083 | D:3      | Reached skill level 1 in Dodging
  2353 | D:3      | Reached XP level 5. HP: 25/46 MP: 5/5
  3062 | D:3      | Found a glowing silver altar of Zin.
  3208 | D:3      | Found a glowing golden altar of the Shining One.
  3209 | D:3      | Found a stormy altar of Qazlal.
  3253 | D:3      | Found a basalt altar of Yredelemnul.
  3253 | D:3      | Found an opulent altar of Gozag.
  3266 | D:3      | Reached * piety under Pakellas
  3453 | D:4      | Found a bloodstained altar of Trog.
  3532 | D:4      | Found a shimmering altar of Xom.
  3802 | D:4      | Found a radiant altar of Vehumet.
  4147 | D:5      | Entered Level 5 of the Dungeon
  4156 | D:5      | Reached XP level 6. HP: 50/53 MP: 6/6
  4437 | D:5      | Reached skill level 1 in Evocations
  4506 | D:5      | Noticed Duvessa
  4507 | D:5      | Noticed Dowan
  5541 | D:4      | Reached XP level 7. HP: 56/60 MP: 8/8
  5650 | D:5      | Killed Duvessa
  5650 | D:5      | Reached ** piety under Pakellas
  5650 | D:5      | Received a gift from Pakellas
  5986 | D:5      | Killed Dowan
  6106 | D:5      | Got an ichor-stained robe
  6119 | D:5      | Identified the +0 robe of Absolutism {rN++} (You found it on level 5 of the Dungeon)
  6215 | D:5      | Found a sparkling altar of Nemelex Xobeh.
  6452 | D:5      | Noticed Grinder
  6473 | D:5      | Paralysed by Grinder for 3 turns
  6477 | D:5      | Killed Grinder
  6477 | D:5      | Reached skill level 5 in Fighting
  6477 | D:5      | Reached XP level 8. HP: 39/68 MP: 8/10
  7393 | D:6      | Found a shadowy altar of Dithmenos.
  7393 | D:6      | Found a sacrificial altar of Ru.
  7765 | D:7      | Reached skill level 5 in Polearms
  7861 | D:7      | Noticed WhatIsLove's ghost (novice DsBe)
  7916 | D:7      | Found a shattered altar of Ashenzari.
  8025 | D:7      | Found a staircase to the Ecumenical Temple.
  8078 | D:7      | Found an iron altar of Okawaru.
  8098 | D:7      | Found a sand-covered staircase.
  8103 | Ossuary  | Entered an ossuary
  8129 | Ossuary  | Reached *** piety under Pakellas
  8598 | D:7      | Reached skill level 5 in Armour
  8721 | D:7      | Reached XP level 9. HP: 75/75 MP: 4/12
  9138 | D:7      | Found a burning altar of Makhleb.
  9346 | D:8      | Found a flagged portal.
  9376 | Bailey   | Entered a bailey
  9656 | Bailey   | Reached skill level 6 in Fighting
 10269 | Bailey   | Reached skill level 1 in Bows
 10429 | Bailey   | Paralysed by a gnoll shaman for 7 turns
 10440 | Bailey   | Paralysed by a gnoll shaman for 6 turns
 11361 | D:8      | Reached skill level 5 in Evocations
 11509 | D:8      | Found a staircase to the Lair.
 11531 | D:8      | Reached **** piety under Pakellas
 11531 | D:8      | Received a gift from Pakellas
 11533 | D:8      | Identified a +5 rod of destruction (9/9) (Pakellas gifted it to you on level 8 of the Dungeon)
 11554 | D:8      | Killed from afar by a centaur

Vault maps used:
D:1:      saegor_arrival_simple_a
D:2:      nicolae_overflow_hidden_temple
D:3:      gammafunk_temple_overflow_statue, zin_statuary,
          gammafunk_temple_overflow_elements, serial_corexii_hall,
          corexii_hall_statues_t, corexii_hall_statues_u, uniq_robin
D:4:      bloody_trog, xom_teletrap_fun, overflow_temple_1_default
D:5:      overflow_temple_1_default, serial_co_window_serial, co_window_paths_a,
          co_window_paths_a, co_window_paths_a, co_window_paths_b,
          co_window_of_opportunity_a, co_window_broadway_b, co_window_cross_4,
          co_window_corner_b, co_window_of_opportunity_b, co_window_cross_2,
          co_window_broadway_a, co_window_paths_c, glass_columns_a, first_bread,
          uniq_duvessa, uniq_grinder
D:6:      gammafunk_temple_overflow_wave
D:7:      kennysheep_little_box, ashenzari_altar_1,
          minmay_temple_entry_statues_pillars, enter_ossuary_5, basic_altar,
          minmay_misc_feat_columns, the_bakery
D:8:      lair_0_dummy, enter_bailey_2
Ossuary:  ossuary_minmay_tomb_2a
Bailey:   bailey_polearm_gnolls_kennysheep, bailey

Action                   |  1- 3 |  4- 6 |  7- 9 || total
-------------------------+-------+-------+-------++-------
Melee: Trident           |   151 |   313 |   414 ||   878
       Halberd           |       |       |   171 ||   171
 Fire: Shortbow          |       |       |    15 ||    15
Invok: Quick Charge      |       |       |     5 ||     5
Evoke: Wand              |       |       |     9 ||     9
       Rod               |       |       |     2 ||     2
  Use: Scroll            |       |       |    11 ||    11
  Eat: Chunk             |     1 |    11 |    16 ||    28
       Pizza             |       |       |     1 ||     1
